 Dungeon Crawl Stone Soup version 0.24-a0-516-g9de272bb65 (webtiles) character file.

Game seed: 7428903789706021412

16132 Lavandula the Spry (level 12, -1/36 HPs)
             Began as a Felid Warper on July 21, 2019.
             Splashed with acid (20 damage)
             ... on level 1 of the Pits of Slime on July 22, 2019.
             The game lasted 01:16:19 (27118 turns).

Lavandula the Spry (Felid Warper)                  Turns: 27118, Time: 01:16:20

Health: -1/36      AC:  3    Str:  8      XL:     12   Next: 7%
Magic:  25/27      EV: 33    Int: 15 (16) God:
Gold:   730        SH:  0    Dex: 18      Spells: 3/31 levels left
                                        Lives:  0   Deaths: 4

rFire    x . .     SeeInvis +     - Unarmed
rCold    + + .     Gourm    .   (shield unavailable)
rNeg     . . .     Faith    .   (armour unavailable)
rPois    .         Spirit   .   (helmet unavailable)
rElec    .         Reflect  .   (cloak unavailable)
rCorr    .         Harm     .   (gloves unavailable)
MR       +....                  (boots unavailable)
Stlth    ++........             i - amulet of rage
HPRegen  0.12/turn              O - ring of wizardry
MPRegen  0.20/turn              K - ring of ice

@: quick
A: very small, no armour, no weapons or thrown items, stealth, claws 1, fangs 3,
see invisible, carnivore, deterioration 1, speed 1, frail 3, shaggy fur 3, slow
metabolism 1, subdued magic 2, MP-powered wands, sharp paws
a: Evoke Berserk Rage


You were on level 1 of the Pits of Slime.
You were not hungry.

You visited 3 branches of the dungeon, and saw 20 of its levels.
You also visited: Ossuary and Ice Cave.

You collected 1210 gold pieces.
You spent 480 gold pieces at shops.

Inventory:

Jewellery
 i - an amulet of rage (around neck)
 j - an uncursed ring of stealth
 z - an uncursed ring of flight
 C - an uncursed ring of protection from magic
 K - a ring of ice (right paw)
 O - a ring of wizardry (left paw)
Wands
 f - a wand of acid (6)
 g - a wand of paralysis (4)
 w - a wand of polymorph (15)
 x - a wand of digging (17)
 B - a wand of iceblast (55)
 D - a wand of scattershot (4)
 H - a wand of random effects (18)
 M - a wand of enslavement (3)
Scrolls
 a - 3 scrolls of teleportation
 b - 3 scrolls of blinking
 e - 9 scrolls of remove curse
 k - 4 scrolls of immolation
 q - 5 scrolls of amnesia
 u - 3 scrolls of fear
 y - 3 scrolls of fog
 J - a scroll of holy word {unknown}
Potions
 d - 5 potions of brilliance
 h - a potion of cancellation
 l - 2 potions of flight
 m - 4 potions of heal wounds
 n - 4 potions of mutation
 o - 3 potions of haste
 p - 5 potions of lignification
 r - 4 potions of might
 s - 4 potions of curing
 v - a potion of agility
 A - 4 potions of ambrosia
 E - a potion of resistance
 F - 2 potions of berserk rage
 L - a potion of magic
Miscellaneous
 G - a box of beasts
 N - a fan of gales
Comestibles
 c - 37 rations


   Skills:
 - Level 6.0 Fighting
 - Level 16.8 Dodging
 - Level 12.0 Unarmed Combat
 + Level 10.3 Spellcasting
 - Level 4.4 Translocations
 - Level 12.4 Transmutations
 - Level 8.6 Earth Magic
 - Level 7.0 Evocations


You had 3 spell levels left.
You knew the following spells:

 Your Spells              Type           Power        Failure   Level  Hunger
a - Blink                 Tloc           N/A          1%          2    None
b - Shroud of Golubria    Chrm/Tloc      #.....       1%          2    None
c - Passage of Golubria   Tloc           N/A          4%          4    ###....
d - Irradiate             Conj/Tmut      ###.......   6%          5    #####..
e - Hydra Form            Tmut           ####......   2%          6    ######.
f - Confusing Touch       Hex            #.....       2%          1    None
g - Apportation           Tloc           ##....       1%          1    None
h - Animate Skeleton      Necr           N/A          2%          1    None
i - Statue Form           Tmut/Erth      ###......    5%          6    ######.

Your spell library contained the following spells:

 Spells                   Type           Power        Failure   Level  Hunger
 Gell's Gravitas          Tloc           ##........   1%          3    None
 Lesser Beckoning         Tloc           ##........   1%          3    None
 Teleport Other           Tloc           ##......     1%          3    None
 Freeze                   Ice            #...         2%          1    None
 Shock                    Conj/Air       #...         2%          1    None
 Summon Small Mammal      Summ           #...         2%          1    None
 Swiftness                Chrm/Air       #.......     4%          2    None
 Throw Frost              Conj/Ice       #.....       4%          2    None
 Ozocubu's Armour         Chrm/Ice       #.......     9%          3    None
 Static Discharge         Conj/Air       #.......     9%          3    None
 Ice Form                 Ice/Tmut       ###.....     1%          4    ###....
 Dragon Form              Tmut           ####......   14%         7    #######
 Airstrike                Air            #.........   28%         4    ###....
 Summon Ice Beast         Ice/Summ       #.......     28%         4    ###....
 Throw Icicle             Conj/Ice       #.......     28%         4    ###....
 Lightning Bolt           Conj/Air       #.........   61%         5    #####..
 Metabolic Englaciation   Hex/Ice        #.........   61%         5    #####..
 Bolt of Cold             Conj/Ice       #.........   99%         6    ######.
 Freezing Cloud           Conj/Ice/Air   #.........   99%         6    ######.
 Ozocubu's Refrigeration  Ice            #.........   99%         6    ######.
 Simulacrum               Ice/Necr       #.........   99%         6    ######.


Dungeon Overview and Level Annotations

Branches:
Dungeon (13/15)            Temple (0/1) D:4            Lair (6/6) D:9
  Swamp (0/4) Lair:3       Spider (0/4) Lair:4        Slime (1/5) Lair:5
    Orc (0/2) D:10         Vaults (0/5) D:13

Altars:
Gozag
Makhleb
Qazlal
Sif Muna
Xom
The Shining One

Shops:
D:5 !

Annotations:
D:2 Terence
D:6 1 runed translucent door
D:12 Rupert
D:13 Azrael
Lair:2 3 runed translucent doors, nikopol's ghost, journeyman DEFE
Lair:3 1 runed translucent door, Naannir's ghost, journeyman SpAs
Lair:4 exclusion: oklob plant


Innate Abilities, Weirdness & Mutations

You cannot wear armour.
You are incapable of wielding weapons or throwing items.
Your paws allow you to move quietly. (Stealth)
You have sharp claws.
You have razor-sharp teeth.
You have supernaturally acute eyesight. (SInv)
You are carnivorous and can eat meat at any time.
You cover ground quickly.
Your thick and shaggy fur keeps you warm. (AC +3, rC+)
You have a slow metabolism.
Your sharp claws are effective at attacking unaware monsters.
Your body sometimes deteriorates upon taking damage.
You are extremely frail. (-30% HP)
Your spells are easier to cast, but less powerful.
You expend magic power (3 MP) to strengthen your wands.


Message History

Ouch! That really hurt!
You die...
Your shape twists and changes as you die.
The golden eye turns its gaze towards you.
The shining eye gazes at you.
Strange energies course through your body.
You feel yourself wasting away.
The slime creature completely misses you.
You are now level 12!
You revert to your normal fleshy form.
You rejoin the land of the living...
Unknown command.
You are splashed with acid!
You are splashed with acid!
Your body deteriorates!
You feel dopey.
Casting: Statue Form (slightly dangerous; 5% risk of failure)
Confirm with . or Enter, or press ? or * to list all spells.
You blink.
You are splashed with acid!!
Ouch! That really hurt!
You die...

###
##.##
#..@##
##...##
##ยง..#
#...##
#..##
...#
#..##
...
....


There were no monsters in sight!

Vanquished Creatures
  Harold (D:10)
  3 vault guards (D:13)
  2 hydras
  3 centaur warriors
  3 two-headed ogres
  A death yak (Lair:6)
  2 unseen horrors (D:12)
  A necromancer (IceCv)
  3 oklob plants (Lair:5)
  A manticore (D:11)
  A deep elf mage (D:13)
  2 cyclopes
  2 shining eyes (Slime:1)
  Maurice (D:8)
  8 elephants
  An ice statue (IceCv)
  A black mamba (Lair:3)
  11 spiny frogs
  3 rime drakes
  2 komodo dragons
  A gargoyle (D:13)
  10 freezing wraiths (IceCv)
  4 trolls
  A tyrant leech (Lair:3)
  A polar bear (Lair:5)
  A queen bee (D:8)
  A wolf spider simulacrum (IceCv)
  3 blink frogs (Lair:1)
  6 slime creatures
  10 hippogriffs
  2 wraiths
  A shadow (D:13)
  4 basilisks
  A wyvern (D:11)
  A golden eye (Slime:1)
  37 yaks
  Grum (D:9)
  4 vampire mosquitoes (D:13)
  2 hungry ghosts (D:9)
  6 humans (D:13)
  An acid dragon (D:12)
  10 water moccasins
  A hell hound (D:13)
  10 porcupines
  5 sky beasts
  A necrophage (D:7)
  5 orc warriors
  A swamp drake (D:10)
  2 black bears
  6 ogres
  16 ice beasts
  An eye of draining (D:11)
  4 phantoms
  28 wolves
  7 centaurs
  14 crocodiles
  A wyvern zombie (D:9)
  15 bullfrogs
  22 killer bees
  8 scorpions
  An elephant simulacrum (IceCv)
  5 wights (D:8)
  3 electric eels
  A howler monkey (D:13)
  4 centaur zombies
  6 crimson imps
  5 draconian simulacra (IceCv)
  4 jellies
  6 hounds
  5 orc priests
  2 centaur skeletons
  3 bullfrog skeletons
  7 iguanas
  16 worker ants
  12 orc wizards
  5 hell rats (Lair:5)
  A polar bear simulacrum (IceCv)
  4 spriggan simulacra (IceCv)
  5 troll simulacra (IceCv)
  A wolf simulacrum (IceCv)
  4 big kobold zombies (Ossuary)
  A hound zombie (D:5)
  4 mummies
  A worker ant zombie (D:10)
  7 gnolls
  2 naga simulacra (IceCv)
  11 adders
  4 ogre simulacra (IceCv)
  4 shadow imps
  13 white imps
  2 adder zombies
  4 worms
  A dart slug (D:2)
  9 leopard geckos
  39 orcs
  2 ball pythons
  6 bats
  13 giant cockroaches
  5 goblins
  5 hobgoblins
  9 jackals
  6 kobolds
  7 quokkas
  7 frilled lizards
  A goblin zombie (D:5)
  A leopard gecko skeleton (D:4)
  3 orc zombies
  16 rats
  A fungus (Lair:5)
591 creatures vanquished.

Vanquished Creatures (collateral kills)
  A spiny frog (Lair:6)
  A hornet (Lair:4)
  A basilisk (Lair:6)
  3 ice beasts (Lair:6)
  A bullfrog (Lair:4)
  A scorpion (Lair:4)
  A worm (Lair:4)
9 creatures vanquished.

Vanquished Creatures (others)
  A human (D:13)
  A bush (D:9)
  8 fungi
  13 plants
23 creatures vanquished.

Grand Total: 623 creatures vanquished

Notes
Turn   | Place    | Note
-------+----------+-------------------------------------------
     0 | D:1      | Lavandula the Felid Warper began the quest for the Orb.
     0 | D:1      | Reached XP level 1. HP: 9/9 MP: 4/4
   450 | D:1      | Reached XP level 2. HP: 13/13 MP: 6/6
   533 | D:1      | Learned a level 2 spell: Blink
   536 | D:1      | Learned a level 2 spell: Shroud of Golubria
   901 | D:2      | Found an opulent altar of Gozag.
  1041 | D:2      | Reached XP level 3. HP: 11/16 MP: 7/7
  1403 | D:2      | Noticed Terence
  1626 | D:2      | Reached XP level 4. HP: 13/19 MP: 6/8
  2545 | D:3      | Reached skill level 5 in Unarmed Combat
  2702 | D:3      | Reached XP level 5. HP: 22/22 MP: 7/9
  3068 | D:3      | Found a burning altar of Makhleb.
  3068 | D:3      | Noticed a cacodemon
  3185 | D:4      | Found a staircase to the Ecumenical Temple.
  3525 | D:4      | Noticed an ogre
  3827 | D:4      | Found a glowing golden altar of the Shining One.
  4123 | D:5      | Entered Level 5 of the Dungeon
  4153 | D:5      | Found a stormy altar of Qazlal.
  4174 | D:5      | Found a sand-covered staircase.
  4187 | Ossuary  | Entered an ossuary
  4294 | Ossuary  | Gained mutation: You are covered in thick fur. (AC +2)
                  | [Felid growth]
  4294 | Ossuary  | Reached XP level 6. HP: 16/26 MP: 7/10
  4300 | Ossuary  | Learned a level 4 spell: Passage of Golubria
  5048 | D:5      | Noticed a sky beast
  5052 | D:5      | Killed a sky beast
  5052 | D:5      | Reached XP level 7. HP: 30/30 MP: 11/11
  5080 | D:5      | Found Ifula's Distillery.
  5083 | D:5      | Bought a potion of mutation for 96 gold pieces
  5083 | D:5      | Bought a potion of heal wounds for 60 gold pieces
  5083 | D:5      | Bought a potion of haste for 120 gold pieces
  5083 | D:5      | Bought a potion of agility for 48 gold pieces
  6378 | D:6      | Reached XP level 8. HP: 33/33 MP: 10/12
  6716 | D:6      | Found a stormy altar of Qazlal.
  6923 | D:6      | Reached skill level 1 in Evocations
  7487 | D:6      | Reached skill level 5 in Evocations
  7917 | D:6      | Found a runed translucent door.
  7924 | D:6      | Found a runed translucent door.
  8100 | D:7      | Reached XP level 9. HP: 22/35 MP: 12/15
  8147 | D:7      | Reached skill level 10 in Unarmed Combat
  8909 | D:5      | Bought a potion of brilliance for 48 gold pieces
  8909 | D:5      | Bought a potion of curing for 36 gold pieces
  8909 | D:5      | Bought a potion of curing for 36 gold pieces
  8909 | D:5      | Bought a potion of curing for 36 gold pieces
  9058 | D:8      | Noticed a two-headed ogre
  9064 | D:8      | Found a shimmering altar of Xom.
  9086 | D:8      | Killed a two-headed ogre
  9222 | D:8      | Reached skill level 4 in Dodging
  9252 | D:8      | Noticed Maurice
  9259 | D:8      | Reached skill level 5 in Dodging
  9361 | D:8      | Reached skill level 6 in Dodging
  9432 | D:8      | Noticed a two-headed ogre
  9455 | D:8      | Killed a two-headed ogre
  9455 | D:8      | Reached skill level 9 in Dodging
  9455 | D:8      | Reached XP level 10. HP: 40/40 MP: 13/16
  9556 | D:8      | Reached skill level 10 in Dodging
  9655 | D:8      | Reached skill level 11 in Dodging
  9780 | D:8      | Reached skill level 12 in Dodging
 10217 | D:8      | Killed Maurice
 10217 | D:8      | Reached skill level 13 in Dodging
 10325 | D:9      | Reached skill level 14 in Dodging
 10844 | D:9      | Noticed Grum
 10857 | D:9      | Reached skill level 15 in Dodging
 10986 | D:9      | Killed Grum
 11000 | D:9      | Reached skill level 16 in Dodging
 11341 | D:9      | Found a staircase to the Lair.
 11381 | D:9      | Reached XP level 11. HP: 43/43 MP: 14/17
 12295 | D:10     | Entered Level 10 of the Dungeon
 12558 | D:10     | Found a staircase to the Orcish Mines.
 12668 | D:10     | Reached skill level 5 in Fighting
 12727 | D:10     | Noticed Harold
 12758 | D:10     | Killed Harold
 12987 | D:10     | Learned a level 5 spell: Irradiate
 13117 | D:10     | Reached skill level 1 in Transmutations
 15079 | D:12     | Reached skill level 5 in Transmutations
 15126 | D:12     | Noticed a four-headed hydra
 15137 | D:12     | Killed a four-headed hydra
 15176 | D:12     | Noticed an unseen horror
 15851 | D:12     | Noticed a two-headed ogre
 15871 | D:12     | Killed a two-headed ogre
 16008 | D:12     | Noticed an unseen horror
 16020 | D:12     | Killed an unseen horror
 16173 | D:12     | Noticed Rupert
 16192 | D:12     | Mangled by Rupert
 16193 | D:12     | Reached XP level 10. HP: -9/67 MP: 16/16
 16205 | D:12     | Noticed a centaur warrior
 16219 | D:12     | Killed a centaur warrior
 16219 | D:12     | Reached XP level 11. HP: 48/48 MP: 17/17
 16292 | D:12     | Killed an unseen horror
 16610 | D:13     | Reached skill level 10 in Transmutations
 17243 | D:13     | Noticed a centaur warrior
 17255 | D:13     | Killed a centaur warrior
 17394 | D:13     | Learned a level 6 spell: Hydra Form
 17840 | D:13     | Noticed a deep elf mage
 17857 | D:13     | Killed a deep elf mage
 17936 | D:13     | Noticed Azrael
 18068 | D:13     | Noticed a centaur warrior
 18077 | D:13     | Killed a centaur warrior
 18386 | D:13     | Noticed a vault guard
 18386 | D:13     | Noticed a vault guard
 18386 | D:13     | Noticed a vault guard
 18388 | D:13     | Noticed a vault guard
 18389 | D:13     | Noticed a vault guard
 18401 | D:13     | HP: 2/62 [vault guard/+0 battleaxe (24)]
 19026 | D:13     | Found a gate to the Vaults.
 19056 | D:13     | Gained mutation: Your thick and shaggy fur keeps you warm.
                  | (AC +3, rC+) [Felid growth]
 19056 | D:13     | Reached XP level 12. HP: 52/52 MP: 13/20
 19110 | D:13     | Killed a vault guard
 19118 | D:13     | Killed a vault guard
 19173 | D:13     | Killed a vault guard
 19173 | D:13     | Reached skill level 5 in Spellcasting
 19200 | D:13     | Learned a level 1 spell: Apportation
 19202 | D:13     | Learned a level 1 spell: Confusing Touch
 19695 | Lair:1   | Entered Level 1 of the Lair of Beasts
 20854 | Lair:2   | Noticed a six-headed hydra
 20865 | Lair:2   | Slain by a six-headed hydra
 20866 | Lair:2   | Reached XP level 11. HP: -5/93 MP: 19/23
 21049 | Lair:1   | Learned a level 1 spell: Animate Skeleton
 21327 | Lair:2   | Found a runed translucent gate.
 21327 | Lair:2   | Found a runed translucent gate.
 21327 | Lair:2   | Found a runed translucent gate.
 21328 | Lair:2   | Noticed nikopol's ghost (journeyman DEFE)
 21880 | Lair:3   | Reached XP level 12. HP: 52/52 MP: 18/25
 21881 | Lair:3   | Found a staircase to the Swamp.
 22176 | Lair:3   | Learned a level 6 spell: Statue Form
 22609 | Lair:3   | Reached skill level 1 in Earth Magic
 22772 | Lair:3   | Found a runed translucent door.
 23262 | Lair:3   | Noticed Naannir's ghost (journeyman SpAs)
 24040 | Lair:5   | Found a staircase to the Slime Pits.
 24209 | Lair:5   | Splashed by an oklob plant's acid
 24210 | Lair:5   | Reached XP level 11. HP: 0/48 MP: 24/24
 24576 | Lair:4   | Reached skill level 5 in Earth Magic
 24788 | Lair:4   | Found a hole to the Spider Nest.
 24852 | Lair:4   | Found a deep blue altar of Sif Muna.
 24984 | Lair:4   | Noticed a seven-headed hydra
 24993 | Lair:4   | Killed a seven-headed hydra
 25120 | Lair:4   | Noticed an oklob plant
 25225 | Lair:6   | Entered Level 6 of the Lair of Beasts
 25245 | Lair:6   | Noticed a death yak
 25256 | Lair:6   | Killed a death yak
 25261 | Lair:6   | Reached XP level 12. HP: 52/52 MP: 20/25
 25286 | Lair:6   | Found a frozen archway.
 25330 | IceCv    | Entered an ice cave
 25795 | IceCv    | Found an ancient bone altar of Kikubaaqudgha.
 26048 | IceCv    | HP: 1/67 [ice statue] (23)]
 27060 | Lair:5   | Reached skill level 10 in Spellcasting
 27076 | Slime:1  | Entered Level 1 of the Pits of Slime
 27077 | Slime:1  | Reached XP level 13. HP: 54/55 MP: 20/28
 27084 | Slime:1  | Gained mutation: You are frail. (-10% HP) [a shining eye]
 27099 | Slime:1  | Gained mutation: Your spells are a little easier to cast,
                  | but a little less powerful. [a shining eye]
 27103 | Slime:1  | Gained mutation: You are very frail. (-20% HP) [a shining
                  | eye]
 27105 | Slime:1  | Gained mutation: You are extremely frail. (-30% HP) [a
                  | shining eye]
 27111 | Slime:1  | Gained mutation: Your spells are easier to cast, but less
                  | powerful. [a shining eye]
 27114 | Slime:1  | Gained mutation: You expend magic power (3 MP) to
                  | strengthen your wands. [a shining eye]
 27115 | Slime:1  | Splashed with acid
 27115 | Slime:1  | Gained mutation: Your body sometimes deteriorates upon
                  | taking damage. [a shining eye]
 27116 | Slime:1  | Reached XP level 12. HP: -11/46 MP: 27/27
 27118 | Slime:1  | Splashed with acid

Levels and vault maps discovered:
D:1:      wander_arrival_lonely_grave, layout_loops_ring
D:2:      minmay_recursive_quarters, layout_rooms, nicolae_gozag_seed_capital,
          minmay_misc_feat_alley, uniq_terence
D:3:      layout_basic, makhleb_altar_promises_db
D:4:      layout_loops_ring, temple_statues, tso_metal_star
D:5:      layout_basic, first_ration, nicolae_ossuary_entry_giza, serial_shops,
          nicolae_shop_behind_doors, grunt_qazlal_clouds
D:6:      lemuel_insect_pit, layout_basic, basic_altar
D:7:      layout_cave_pools
D:8:      layout_basic, basic_altar, david_nohive_1, minmay_manual_mares,
          uniq_maurice
D:9:      layout_basic, minmay_lair_entry_grove, uniq_grum
D:10:     layout_big_octagon, orc_0_dummy, serial_rivers,
          chequers_serial_rivers_small_3, chequers_serial_rivers_room_b,
          chequers_serial_rivers_micro_a, chequers_serial_rivers_micro_c,
          chequers_serial_rivers_small_b, kennysheep_generic_room_13,
          uniq_harold
D:11:     layout_grid_maze, kennysheep_generic_room_4
D:12:     layout_irregular_city, minmay_fire_ice_demons, uniq_rupert
D:13:     layout_stronghold, ximxim_vaults_locker_room, uniq_azrael
Lair:1:   layout_concentric_octagons, hangedman_lair_unloving_vines,
          grunt_forest_large_clearings
Lair:2:   layout_chaotic_city, ebering_ghost_rock_garden
Lair:3:   layout_hall_layers, minmay_swamp_entry_worms,
          ebering_ghost_reflecting_pool, serial_bayou_lagoon_a
Lair:4:   layout_regular_city, nicolae_spider_entry_non_spiders, basic_altar,
          infiniplex_staircase_pool, grunt_megastairs_1
Lair:5:   layout_long_grid, minmay_slime_entry_oklob_open, ldierk_geyser,
          kilobyte_rumbling_trees
Lair:6:   hangedman_lair_caniforms_friends, layout_hall_layers,
          guppyfry_lair_end_dragon, portal_ice_cave_entry_ice_beasts,
          st_stairs_5
Slime:1:  layout_caves

Skill      XL: |  1  2  3  4  5  6  7  8  9 10 11 12 |
---------------+-------------------------------------+-----
Unarmed Combat | 3 4 5 6 7 9 12 | 12.0
Evocations     | 7 |  7.0
Dodging        | 9 16 | 16.8
Fighting       | 6 |  6.0
Transmutations | 9 11 12 | 12.4
Spellcasting   | 8 10 | 10.3
Earth Magic    | 6 8 |  8.6
Translocations | |  4.4

Action                   |  1- 3 |  4- 6 |  7- 9 | 10-12 | 13-15 || total
-------------------------+-------+-------+-------+-------+-------++-------
Melee: Unarmed           |   117 |   173 |   374 |  1510 |    21 ||  2195
       Bite              |     9 |    14 |    39 |   138 |     5 ||   205
       Punch             |     1 |     4 |    11 |    56 |     4 ||    76
 Cast: Shroud of Golubri |     3 |    12 |    39 |    77 |       ||   131
       Hydra Form        |       |       |       |    25 |       ||    25
       Statue Form       |       |       |       |    24 |       ||    24
       Confusing Touch   |       |       |       |    13 |       ||    13
       Animate Skeleton  |       |       |       |    11 |       ||    11
       Irradiate         |       |       |       |     5 |       ||     5
       Apportation       |       |       |       |     2 |       ||     2
       Blink             |       |       |       |     2 |       ||     2
       Passage of Golubr |       |       |       |     2 |       ||     2
 Abil: Evoke Berserk Rag |       |       |     9 |    44 |       ||    53
       End Transformatio |       |       |       |     1 |       ||     1
Evoke: Wand              |       |       |       |     6 |       ||     6
  Use: Potion            |     3 |     2 |     1 |     6 |     7 ||    19
       Scroll            |       |     6 |     8 |    11 |       ||    25
 Stab: Sleeping          |     5 |    17 |    16 |    26 |       ||    64
       Distracted        |       |     1 |     3 |     1 |       ||     5
       Confused          |       |       |       |     8 |       ||     8
       Invisible         |       |       |       |     1 |       ||     1
  Eat: Chunk             |     8 |     4 |    18 |    85 |       ||   115
       Ration            |       |       |       |     4 |       ||     4
Armor: Skin              |     6 |     3 |    20 |   167 |     8 ||   204
Dodge: Dodged            |    67 |    89 |   232 |  1766 |    38 ||  2192

Table legend:
 A = Non-vault XP
 B = Vault XP
 C = Vault XP percentage of total XP
 D = Non-vault monster count
 E = Vault monster count
 F = Vault count percentage of total count
                 A         B        C        D         E       F
            +---------+---------+-------+---------+---------+-------
      Total |   52074 |   25426 |  32.8 |     412 |     187 |  31.2
            +---------+---------+-------+---------+---------+-------
        D:1 |      24 |       0 |   0.0 |      15 |       0 |   0.0
        D:2 |      90 |      10 |  10.0 |      26 |       5 |  16.1
        D:3 |     119 |       0 |   0.0 |      19 |       0 |   0.0
        D:4 |      37 |       0 |   0.0 |       7 |       0 |   0.0
        D:5 |     673 |      20 |   2.9 |      19 |       3 |  13.6
        D:6 |    1072 |     241 |  18.4 |      31 |      13 |  29.5
        D:7 |     896 |       0 |   0.0 |      23 |       0 |   0.0
        D:8 |    3078 |    1934 |  38.6 |      24 |      19 |  44.2
        D:9 |    1689 |    2585 |  60.5 |      19 |      17 |  47.2
       D:10 |    1211 |    1132 |  48.3 |      17 |       3 |  15.0
       D:11 |    2068 |       0 |   0.0 |      25 |       0 |   0.0
       D:12 |    7104 |      10 |   0.1 |      29 |       1 |   3.3
       D:13 |    8319 |    4246 |  33.8 |      47 |      10 |  17.5
     Lair:1 |    4143 |    2469 |  37.3 |      19 |      21 |  52.5
     Lair:2 |    3206 |       0 |   0.0 |      16 |       0 |   0.0
     Lair:3 |    2436 |     304 |  11.1 |      12 |       1 |   7.7
     Lair:4 |    4747 |    1081 |  18.5 |      14 |      12 |  46.2
     Lair:5 |    3154 |    2160 |  40.6 |      18 |       5 |  21.7
     Lair:6 |    6004 |    2482 |  29.2 |      26 |      12 |  31.6
    Slime:1 |    2004 |       0 |   0.0 |       6 |       0 |   0.0
    Ossuary |       0 |     261 | 100.0 |       0 |      11 | 100.0
      IceCv |       0 |    6491 | 100.0 |       0 |      54 | 100.0
            +---------+---------+-------+---------+---------+-------
